 Dungeon Crawl Stone Soup version 0.28-a0-1567-g1695149f81 (webtiles) character file.

Game seed: 8242960089316709035

54 southernslant the Shield-Bearer (level 3, 0/23 HPs)
             Began as a Gargoyle Fighter on Jan 20, 2022.
             Slain by a goblin (5 damage)
             ... led by Robin
             ... on level 3 of the Dungeon.
             The game lasted 00:02:38 (2018 turns).

southernslant the Shield-Bearer (Gargoyle Fighter)  Turns: 2018, Time: 00:02:38

Health: 0/23       AC: 11    Str: 21    XL:     3   Next: 91%
Magic:  3/3        EV:  9    Int:  8    God:
Gold:   63         SH:  4    Dex:  9    Spells: 2/2 levels left

rFire   . . .      SeeInvis .   a - +0 flail
rCold   . . .      Faith    .   c - +0 buckler
rNeg    + . .      Spirit   .   b - +0 scale mail
rPois   ∞          Reflect  .   (no helmet)
rElec   +          Harm     .   (no cloak)
rCorr   .          Rampage  .   (no gloves)
Will    .....                   f - +0 pair of boots {Stlth+}
Stlth   +.........              (no amulet)
HPRegen 0.07/turn               (no ring)
MPRegen 0.08/turn               (no ring)

@: no status effects
A: sickness immunity, AC +3, negative energy resistance 1, electricity
resistance, torment resistance 1, petrification resistance
a: no special abilities


You were on level 3 of the Dungeon.
You visited 1 branch of the dungeon, and saw 3 of its levels.

You collected 63 gold pieces.

Inventory:

Hand Weapons
 a - a +0 flail (weapon)
Missiles
 k - 3 stones (quivered)
 l - 2 silver javelins
 m - 6 datura-tipped darts
Armour
 b - a +0 scale mail (worn)
 c - a +0 buckler (worn)
 f - a +0 pair of boots of stealth (worn)
Scrolls
 g - a scroll of blinking {unknown}
 h - a scroll of teleportation {unknown}
 i - a scroll of enchant armour {unknown}
 j - a scroll of immolation {unknown}
 n - a scroll of fear {unknown}
 o - a scroll of identify {unknown}
Potions
 d - a potion of might
 e - a potion of invisibility {unknown}


   Skills:
 + Level 3.4 Fighting
 * Level 2.7 Maces & Flails
 + Level 3.5 Armour
 * Level 1.2 Dodging
 + Level 0.3 Stealth
 + Level 3.6 Shields


You had 2 spell levels left.
You didn't know any spells.
Your spell library contained the following spells:

 Spells                   Type           Power      Damage    Failure   Level
 Summon Small Mammal      Summ           0%         N/A       83%         1
 Blink                    Tloc           0%         N/A       93%         2
 Call Canine Familiar     Summ           0%         N/A       99%         3
 Summon Guardian Golem    Hex/Summ       0%         N/A       99%         3
 Manifold Assault         Tloc           0%         N/A       100%        5
 Storm Form               Tmut/Air       0%         N/A       100%        7


Dungeon Overview and Level Annotations

Branches:
Dungeon (3/15)

Altars:

Annotations:
D:3 Robin


Innate Abilities, Weirdness & Mutations

You are immune to sickness and miasma.
Your stone body is resilient. (AC +3)
You are immune to poison.
You resist negative energy. (rN+)
You are resistant to electric shocks. (rElec)
You are resistant to unholy torment.
You are immune to petrification.


Message History

You barely miss the hobgoblin. You block the goblin's attack.
The hobgoblin hits you but does no damage.
The goblin hits you but does no damage.
You hit the hobgoblin.
The hobgoblin is almost dead.
The hobgoblin barely misses you. The goblin closely misses you.
The hobgoblin hits you but does no damage.
You thump the goblin!
You kill the goblin!
The hobgoblin barely misses you.
You hit the hobgoblin.
You kill the hobgoblin!
Robin throws the goblin at you! You block the goblin's attack. x2
You hit the goblin but do no damage. The goblin closely misses you.
The goblin barely misses you.
You completely miss the goblin. You block the goblin's attack.
The goblin hits you with a +4 dagger.
You miss the goblin. The goblin hits you but does no damage.
The goblin completely misses you. The goblin barely misses you.
The goblin hits you but does no damage.
Robin says, "Duck!"
You sock the goblin!
You kill the goblin!
The goblin no longer looks unusually strong.
The goblin hits you with a +4 dagger.
Things that are here:
a +0 dagger; a +0 dagger; a goblin corpse You closely miss the goblin.
The hobgoblin no longer looks unusually strong.
The goblin hits you but does no damage.
You closely miss the goblin.
The hobgoblin no longer looks unusually strong.
Robin roars a battlecry!
The goblins go into a battle-frenzy!
The goblin hits you with a +4 dagger.
You barely miss the goblin. The goblin hits you with a +4 dagger!
* * * LOW HITPOINT WARNING * * *
You block the goblin's attack.
You miss the goblin. The goblin hits you with a +4 dagger.
You die...

......#.# ####
....#.#.###...
#...........+ ########
#...........# .......#
#....ggg....# ########
#...gg.g...## #########
#)#...###
#####.......#######g.......
............##..@ggg..###..
#####.......##.#####..#
#.......##.#####..#
#.......##..........
#...................#
#...)...###.........#
#.......# #.........#
........## #.........#
........# #........


You could see Robin, 2 hobgoblins and a goblin (strong).

Vanquished Creatures
  2 worms (D:2)
  A dart slug (D:2)
  3 ball pythons
  3 endoplasms (D:2)
  A giant cockroach (D:1)
  10 goblins
  5 hobgoblins
  2 quokkas (D:1)
  4 bats (D:1)
  4 frilled lizards
  A kobold (D:2)
  5 rats
41 creatures vanquished.

Notes
Turn   | Place    | Note
-------+----------+-------------------------------------------
     0 | D:1      | southernslant the Gargoyle Fighter began the quest for the
                  | Orb.
     0 | D:1      | Reached XP level 1. HP: 14/14 MP: 1/1
   225 | D:1      | Reached XP level 2. HP: 19/19 MP: 2/2
  1042 | D:2      | Found a faded altar of an unknown god.
  1049 | D:2      | Reached XP level 3. HP: 23/23 MP: 3/3
  1135 | D:2      | Reached skill level 1 in Dodging
  1995 | D:3      | Noticed Robin
  2018 | D:3      | Slain by a goblin

Illustrated notes

Levels and vault maps discovered:
D:1:      erik_arrival_triangle_huge, layout_basic, minmay_misc_feat_rugged
D:2:      layout_basic, shapermc_ecumenical_altar_notcrosses
D:3:      layout_basic, mainiacjoe_overflow_divided_tiny, chequers_mini_garden,
          kennysheep_nondescript, uniq_robin

Skill      XL: |  1  2  3 |
---------------+----------+-----
Dodging        | 1 |  1.2
Fighting       | |  3.4
Maces & Flails | |  2.7
Armour         | |  3.5
Stealth        | |  0.3
Shields        | |  3.6

Action                   || total
-------------------------++-------
Melee: Flail             ||   105
Armor: Scale mail        ||    53
Dodge: Dodged            ||    49
Block: Buckler           ||    22

Table legend: (Time is in decaauts)
 A = Elapsed time spent in this place.
 B = Non-inter-level travel time spent in this place.
 C = Inter-level travel time spent in this place.
 D = Time resting spent in this place.
 E = Time spent auto-exploring this place.
 F = Levels seen in this place.
 G = Mean time per level.
                   A        B        C        D        E       F      G
               +--------+--------+--------+--------+--------+-----+--------+
         Total |   2053 |   2026 |     27 |      0 |   1718 |   3 |  684.3 |
       Dungeon |   2053 |   2026 |     27 |      0 |   1718 |   3 |  684.3 |
               +--------+--------+--------+--------+--------+-----+--------+

Top non-repeatable levels by time:
     D:1: 1008 daAuts
     D:2: 908 daAuts
     D:3: 136 daAuts
